 Dungeon Crawl Stone Soup version 0.31-a0-836-g3ceb0a68c4 (webtiles) character file.

Game seed: 16308606366077799825

182 demibob the Ruffian (level 5, -7/45 HPs)
             Began as a Draconian Chaos Knight on Sept 27, 2023.
             Was a Plaything of Xom.
             Mangled by a steam dragon (8 damage)
             ... on level 6 of the Dungeon.
             The game lasted 00:05:03 (2710 turns).

demibob the Ruffian (Draconian Chaos Knight)        Turns: 2710, Time: 00:05:04

Health: -7/45      AC:  6    Str: 15    XL:     5   Next: 35%
Magic:  5/5        EV: 12    Int: 12    God:    Xom [.....*]
Gold:   110        SH:  0    Dex: 12    Spells: 4/4 levels left

rFire   + .          .
                       - Unarmed
rCold   + . .        (no shield)
rNeg    . . .        (body armour unavailable)
rPois   +            (helmet restricted)
rElec   +            e - scarf {shadows}
rCorr   +            l - +0 pair of gloves
SInv    .            (no boots)
Will    +....        m - amulet of magic regeneration
Stlth   +            (no ring)
HPRegen 0.27/turn    (no ring)
MPRegen 0.49/turn

%: no passive effects
@: resistant, attractive, enlightened, flying
A: AC +5, unfitting armour, cold-blooded
a: Renounce Religion


You were on level 6 of the Dungeon.
You worshipped Xom.
You were Xom's teddy bear.
You visited 1 branch of the dungeon, and saw 5 of its levels.

You collected 134 gold pieces.
You spent 24 gold pieces at shops.


Innate Abilities, Weirdness & Mutations

Your plain brown scales are hard. (AC +5)
You cannot fit into any form of body armour.
You are cold-blooded and may be slowed by cold attacks.


   Skills:
 - Level 3.2 Fighting
 - Level 2.1 Dodging
 + Level 5.8 Unarmed Combat
 + Level 1.4 Shapeshifting


You had 4 spell levels left.
You didn't know any spells.
Your spell library contained the following spells:

 Spells                   Type           Power      Damage    Failure   Level
 Summon Small Mammal      Summ           0%         N/A       32%         1
 Call Canine Familiar     Summ           0%         N/A       69%         3
 Summon Guardian Golem    Hex/Summ       0%         N/A       69%         3
 Orb of Destruction       Conj           0%         9d5       100%        7
 Spellforged Servitor     Conj/Summ      0%         N/A       100%        7

Inventory:

Missiles
 b - 2 javelins
Armour
 e - a scarf of shadows (worn)
 l - a +0 pair of gloves (worn)
Jewellery
 m - an amulet of magic regeneration (around neck)
 C - a ring of ice
 P - a ring of poison resistance
 Z - a ring of wizardry
Talismans
 p - a storm talisman
Scrolls
 a - 3 scrolls of revelation {unknown}
 c - a scroll of vulnerability
 d - a scroll of amnesia
 j - a scroll of identify {@r1}
Potions
 f - a potion of haste {unknown}
 h - a potion of might
 k - a potion of invisibility {unknown}

Dungeon Overview and Level Annotations

Branches:
Dungeon (6/15)
 Temple: D:4-7

Altars:
Makhleb

Shops:
D:1 [*

Annotations:
D:3 2 transporters, osoart's ghost, amateur DsSh

.... . ...
.. .. .. ..
.# #. ...
.##..#. #.#
.... .{.....
# #.. #...
.##?.## ##.
#.# #.. b#
..#
#..##.####.#
b##..#
...§...o...#
.(b..#.
#.##§o@D5.##
..bb...
#...###.#
......#
#..## #†#
>####.# #..#
#)# .# #
#..# #.# .#
#..# #.# .#
#.{# #.# .#
#..# #.# ..
#..#
#.......


You could see a steam dragon, an orc priest, a white imp and an orc.


Message History

* * * LOW HITPOINT WARNING * * *
Unknown command.
You closely miss the steam dragon.
The steam dragon is heavily wounded.
A white imp comes into view.
The steam dragon bites you.
* * * LOW HITPOINT WARNING * * *
The steam dragon claws you.
* * * LOW HITPOINT WARNING * * *
The orc is engulfed in seething chaos.
It was a potion of resistance.
You feel protected. The steam dragon breathes steam at you.
The ball of steam hits you. You resist.
* * * LOW HITPOINT WARNING * * *
The orc hits you with a +0 club.
* * * LOW HITPOINT WARNING * * *
It was a potion of attraction.
You feel attractive to monsters. The steam dragon barely misses you.
The steam dragon claws you but does no damage.
The orc hits you but does no damage. The orc priest is attracted toward you.
It was a potion of enlightenment.
You feel very buoyant.
You fly up into the air.
Xom thinks this is hilarious!
The orc priest hits you but does no damage.
The steam dragon bites you!
You die...
Xom thinks this is hilarious!

Skill      XL: |  1  2  3  4  5 |
---------------+----------------+-----
Unarmed Combat | 4 5 |  5.8
Shapeshifting  | 1 |  1.4
Fighting       | |  3.2
Dodging        | |  2.1

Action                     |  1- 3 |  4- 6 || total
---------------------------+-------+-------++-------
  Melee: Unarmed           |   145 |   114 ||   259
         Tailslap          |    12 |    11 ||    23
         Punch             |     3 |     3 ||     6
    Use: Scroll            |     2 |     3 ||     5
         Potion            |       |     5 ||     5
   Stab: Sleeping          |       |     1 ||     1
         Distracted        |       |     1 ||     1
 Armour: Skin              |    71 |    94 ||   165
  Dodge: Dodged            |    76 |    51 ||   127

Levels and vault maps discovered:
D:1:      saegor_arrival_miasma, layout_rooms, chequers_ecumenical_altar_island,
          serial_shops, shop, nicolae_shop_crystal, nrook_campfire
D:2:      layout_basic
D:3:      layout_basic, overflow_temple_1_default, serial_corexii_hall,
          chequers_hall_statues_y, chequers_hall_statues_y,
          gammafunk_ghost_mausoleum
D:4:      layout_cave_pools, nicolae_qazlal_beasts_of_the_sky, serial_shops,
          nicolae_shop_just_a_little_nook
D:6:      layout_loops_ring, nicolae_overflow_crystal_walls,
          serial_park_tiny_pond, nicolae_shop_firing_range

Notes
Turn   | Place    | Note
-------+----------+-------------------------------------------
     0 | D:1      | demibob the Draconian Chaos Knight began the quest for the
                  | Orb.
     0 | D:1      | Reached XP level 1. HP: 19/19 MP: 1/1
    40 | D:1      | XOM: silly message
    91 | D:1      | Found a faded altar of an unknown god.
    98 | D:1      | Reached XP level 2. HP: 26/26 MP: 2/2
   191 | D:1      | XOM: divination: magic mapping
   251 | D:1      | Reached skill level 4 in Unarmed Combat
   329 | D:1      | Found Qugijoy's General Store.
   334 | D:1      | Bought a scroll of identify for 24 gold pieces
   412 | D:1      | Found Notwulet's Armour Boutique.
   461 | D:1      | Reached XP level 3. HP: 30/31 MP: 3/3
   567 | D:1      | XOM is BORED!
   567 | D:1      | XOM: silly message
   880 | D:2      | XOM: divination: detect creatures
  1038 | D:2      | XOM: divination: detect items
  1070 | D:2      | Reached skill level 5 in Unarmed Combat
  1070 | D:2      | Reached XP level 4. HP: 29/38 MP: 4/4
  1273 | D:2      | XOM is BORED!
  1273 | D:2      | XOM: silly message
  1664 | D:3      | Found a burning altar of Makhleb.
  1679 | D:3      | XOM: enchant monster (bad)
  1751 | D:3      | XOM: chaos upgrade
  1907 | D:3      | XOM: 4-stop teleportation journey
  1917 | D:3      | Found a transporter.
  1918 | D:3      | Noticed osoart's ghost (amateur DsSh)
  1920 | D:3      | Found a transporter.
  2331 | D:3      | Reached XP level 5. HP: 8/45 MP: 5/5
  2332 | D:3      | Reached skill level 1 in Shapeshifting
  2377 | D:3      | XOM: cloud trail
  2620 | D:4      | You fall into a shaft and drop 2 floors!
  2622 | D:6      | Noticed a sky beast
  2622 | D:6      | Noticed a komodo dragon
  2627 | D:6      | XOM: silly message
  2629 | D:6      | XOM: confuse monster(s)
  2630 | D:6      | Noticed a phantom
  2637 | D:6      | XOM: noise
  2658 | D:6      | XOM: 1-stop teleportation journey
  2670 | D:6      | Noticed a water moccasin
  2674 | D:6      | XOM: destruction
  2675 | D:6      | XOM: cast spell 'Summon Horrible Things'
  2678 | D:6      | Killed a water moccasin
  2696 | D:6      | Noticed a steam dragon
  2708 | D:6      | Identified a potion of resistance
  2708 | D:6      | HP: 1/45 [orc/+0 club (5)]
  2710 | D:6      | Mangled by a steam dragon

Vanquished Creatures
  An orc wizard (D:3)
  4 adders
  A dart slug (D:4)
  4 orcs (D:3)
  3 bats
  9 endoplasms
  6 giant cockroaches
  8 hobgoblins
  3 jackals (D:3)
  10 kobolds
  2 quokkas
  4 ball pythons
  3 frilled lizards
  8 goblins
  6 rats
72 creatures vanquished.

Vanquished Creatures (collateral kills)
  A water moccasin (D:6)
  An orc wizard (D:6)
  An orc (D:6)
3 creatures vanquished.

Vanquished Creatures (others)
  An ufetubus (D:6)
1 creature vanquished.

Grand Total: 76 creatures vanquished

Table legend: (Time is in decaauts)
 A = Elapsed time spent in this place.
 B = Non-inter-level travel time spent in this place.
 C = Inter-level travel time spent in this place.
 D = Time resting spent in this place.
 E = Time spent auto-exploring this place.
 F = Levels seen in this place.
 G = Mean time per level.
                   A        B        C        D        E       F      G
               +--------+--------+--------+--------+--------+-----+--------+
         Total |   2681 |   2613 |     68 |     41 |   2007 |   5 |  536.2 |
       Dungeon |   2681 |   2613 |     68 |     41 |   2007 |   5 |  536.2 |
               +--------+--------+--------+--------+--------+-----+--------+

Top non-repeatable levels by time:
     D:2: 998 daAuts
     D:3: 952 daAuts
     D:1: 595 daAuts
     D:6: 89 daAuts
     D:4: 45 daAuts

Table legend:
 A = Non-vault XP
 B = Vault XP
 C = Vault XP percentage of total XP
 D = Non-vault monster count
 E = Vault monster count
 F = Vault count percentage of total count
                 A         B        C        D         E       F
            +---------+---------+-------+---------+---------+-------
      Total |     261 |       0 |   0.0 |      75 |       0 |   0.0
            +---------+---------+-------+---------+---------+-------
        D:1 |      47 |       0 |   0.0 |      29 |       0 |   0.0
        D:2 |      73 |       0 |   0.0 |      22 |       0 |   0.0
        D:3 |      86 |       0 |   0.0 |      19 |       0 |   0.0
        D:4 |       6 |       0 |   0.0 |       2 |       0 |   0.0
        D:6 |      49 |       0 |   0.0 |       3 |       0 |   0.0
            +---------+---------+-------+---------+---------+-------
